 Dungeon Crawl Stone Soup version 0.27-a0-1158-gaa87e14f67 (webtiles) character file.

Game seed: 13183915021203145367

14611 Whiskey the Nimble (level 12, -7/91 HPs)
             Began as a Djinni Transmuter on May 15, 2021.
             Was an Elder of Makhleb.
             Mangled by a cyan ugly thing (15 damage)
             ... on level 10 of the Dungeon.
             The game lasted 00:37:17 (17195 turns).

Whiskey the Nimble (Djinni Transmuter)             Turns: 17195, Time: 00:37:18

Health: -7/91      AC:  2    Str: 10    XL:     12   Next: 47%
Gold:   661        EV: 33    Int: 19    God:    Makhleb [****..] SH:  5 Dex: 19

rFire    . . .     SeeInvis .     - Unarmed
rCold    . . .     Faith    .   (shield currently unavailable)
rNeg     . . .     Spirit   .   (armour currently unavailable)
rPois    ∞         Reflect  +   (helmet currently unavailable)
rElec    .         Harm     .   (cloak currently unavailable)
rCorr    .         Rampage  .   (gloves currently unavailable)
Will     +....                  (boots unavailable)
Stlth    ++........             v - amulet of reflection
HPRegen  0.25/turn              E - +4 ring of evasion
MPRegen  0.00/turn              b - ring of wizardry {Wiz+, !d}

@: spider-form, flying
A: venomous fangs, flying, sickness immunity, tiny, (fire resistance 2), (cold
vulnerability 1), float, innate caster, hp casting, extra vitality 1
a: End Transformation, Renounce Religion, Minor Destruction, Lesser Servant of
Makhleb, Major Destruction


You were on level 10 of the Dungeon.
You worshipped Makhleb.
Makhleb was greatly pleased with you.
You were a venomous arachnid creature.
You visited 2 branches of the dungeon, and saw 11 of its levels.

You collected 661 gold pieces.

Inventory:

Hand Weapons
 f - a +0 hunting sling
   (You found it on level 1 of the Dungeon)
 p - a +2 dagger of draining
   (You took it off a goblin on level 3 of the Dungeon)
 t - a +1 short sword of distortion {!w}
   (You took it off an orc on level 3 of the Dungeon)
 F - a +1 hunting sling of flaming
   (You found it on level 6 of the Dungeon)
 K - a +0 dagger of venom
   (You took it off an orc wizard on level 8 of the Dungeon)
 N - the +4 great sword "Demonbane" {venom, rPois rN++ Will+ Dex-4}
   (You found it on level 9 of the Dungeon)

   It poisons the flesh of those it strikes.
   It affects your dexterity (-4).
   It protects you from poison.
   It greatly protects you from negative energy.
   It increases your willpower.
 O - a +1 vorpal hand axe
   (You took it off an orc priest on level 9 of the Dungeon)
 P - a +0 whip of freezing
   (You took it off Pikel on level 9 of the Dungeon)
 R - a +0 dagger of venom
   (You took it off a kobold on level 9 of the Dungeon)
 S - a +0 morningstar of venom
   (You took it off an orc priest on level 9 of the Dungeon)
 V - a +0 dagger of speed
   (You found it on level 10 of the Dungeon)
 W - a +1 falchion of freezing
   (You took it off an orc on level 10 of the Dungeon)
Missiles
 o - 55 poisoned darts
 q - 486 stones (quivered)
 z - 8 atropa-tipped darts
 X - a curare-tipped dart
 Z - a throwing net {=f, !d}
Armour
 a - a +0 robe
 r - a +0 cloak (melded)
   (You found it on level 3 of the Dungeon)
 J - a +0 kite shield
   (You took it off a gnoll sergeant on level 7 of the Dungeon)
 M - a +0 pair of gloves (melded)
   (You found it on level 8 of the Dungeon)
 T - a +0 troll leather armour (melded) {regen}
   (You found it on level 9 of the Dungeon)
Magical Staves
 H - a staff of fire {rF+}
   (You found it on level 6 of the Dungeon)
Jewellery
 b - a ring of wizardry (right front leg) {Wiz+, !d}
   (You found it on level 8 of the Dungeon)
 v - an amulet of reflection (around neck)
   (You found it on level 4 of the Dungeon)
 E - a +4 ring of evasion (left front leg)
   (You found it on level 6 of the Dungeon)
 I - a ring of ice {rC+, rF-}
   (You found it on level 7 of the Dungeon)
Wands
 c - a wand of flame (36)
   (You found it on level 8 of the Dungeon)
 l - a wand of charming (8)
   (You found it on level 2 of the Dungeon)
 x - a wand of polymorph (14)
   (You took it off Eustachio on level 4 of the Dungeon)
 C - a wand of iceblast (3)
   (You found it on level 5 of the Dungeon)
 U - a wand of digging (5)
   (You found it on level 9 of the Dungeon)
Scrolls
 d - 2 scrolls of holy word {unknown}
 h - 2 scrolls of acquirement {unknown}
 j - 2 scrolls of torment {unknown}
 k - a scroll of magic mapping {unknown}
 m - 2 scrolls of fear
 n - a scroll of enchant weapon {unknown}
 y - 4 scrolls of noise {unknown}
 B - 3 scrolls of amnesia
 D - 6 scrolls of teleportation
 L - 2 scrolls of fog {unknown}
 Q - a scroll of identify
Potions
 e - 3 potions of curing
 g - 4 potions of brilliance
 i - a potion of resistance {unknown}
 s - 3 potions of lignification {!q}
 u - a potion of magic {unknown}
 w - a potion of mutation {unknown}
 A - a potion of flight {unknown}
 G - 2 potions of heal wounds
 Y - a potion of haste {unknown}


   Skills:
 + Level 9.9 Fighting
 + Level 10.8 Dodging
 + Level 10.2 Unarmed Combat
 + Level 7.7 Spellcasting


You couldn't memorise any spells.
You knew the following spells:

 Your Spells              Type           Power      Damage    Failure   Level
a - Beastly Appendage     Tmut           72%        N/A       1%          1
b - Wereblood             Tmut           36%        N/A       1%          2
c - Spider Form           Tmut/Pois      18%        N/A       2%          3
d - Ice Form              Ice/Tmut       36%        N/A       5%          4
e - Hydra Form            Tmut           18%        N/A       11%         5
f - Sting                 Tmut/Pois      100%       1d8       1%          1
g - Static Discharge      Conj/Air       36%        N/A       1%          2
h - Lesser Beckoning      Tloc           18%        N/A       2%          3
i - Petrify               Tmut/Erth      36%        N/A       5%          4
j - Summon Lightning Spi  Summ/Air       36%        N/A       5%          4
Your spell library was empty.

Dungeon Overview and Level Annotations

Branches:
Dungeon (10/15)            Temple (1/1) D:7             Orc (0/2) D:9
   Lair: D:8-11

Altars:
Ashenzari
Cheibriados
Dithmenos
Elyvilon
Fedhas
Gozag
Hepliaklqana
Kikubaaqudgha
Makhleb
Nemelex Xobeh
Okawaru
Qazlal
Ru
Sif Muna
Trog
Uskayaw
Vehumet
Wu Jian
Xom
Yredelemnul
Zin
The Shining One
Beogh

Shops:
D:3 ![

Portals:
Abyss: D:6

Annotations:
D:6 2 transporters, pubby's ghost, novice DjGl


Innate Abilities, Weirdness & Mutations

You are a venomous arachnid creature.
You have poisonous fangs.
You are tiny and dextrous.
You are flying.
Your spellcasting is less reliable in this form.
Your armour is entirely melded.
You are incapable of wielding weapons or throwing items.
You are immune to sickness and miasma.
You are immune to poison.
((Your flesh is very heat resistant. (rF++)))
((You are vulnerable to cold. (rC-)))
You float through the air rather than walking.
You learn spells naturally, not from books.
Your magical power is your life essence.
You have superior vitality. (+4 HP)


Message History

The six-headed hydra closely misses you.
The six-headed hydra completely misses you. x2
You block the six-headed hydra's attack.
You take 7 damage, and have 63/91 hp.
You bite the six-headed hydra!
You kill the six-headed hydra!
Makhleb accepts your kill.
You feel better.
You regained 9 hp, and now have 72/91 hp.
No target in view!
No target in view!
Your transformation has ended.
Your +0 cloak unmelds from your body.
Your +0 pair of gloves unmelds from your body.
Your +0 troll leather armour {regen} unmelds from your body.
You regained 3 hp, and now have 75/91 hp.
Partly explored, can't reach some items and places.
Health restored: 91 Partly explored, can't reach some items and places.
There is an open door, spattered with blood here.
You see here a hydra corpse.
A cyclops comes into view.
You turn into a venomous arachnid creature.
Your +0 cloak melds into your body.
Your +0 pair of gloves melds into your body.
Your +0 troll leather armour {regen} melds into your body.
The cyclops completely misses you.
You take 3 damage, and have 88/91 hp.
You hit the cyclops. You completely miss the cyclops.
The cyclops completely misses you.
You hit the cyclops.
The cyclops is poisoned.
You bite the cyclops!
The cyclops looks as sick as possible!
You hear an angry buzzing noise.
A vampire mosquito comes into view.
The cyclops hits you but does no damage.
You bite the cyclops!
The cyclops looks as sick as possible!
The cyclops completely misses you.
You maul the cyclops!!
You kill the cyclops!
Makhleb accepts your kill.
You feel better.
The vampire mosquito completely misses you.
Health restored: 91 You bite the vampire mosquito!
The vampire mosquito completely misses you. x2
You barely miss the vampire mosquito.
The vampire mosquito closely misses you.
You bite the vampire mosquito!
The vampire mosquito completely misses you.
You block the vampire mosquito's attack.
You barely miss the vampire mosquito. The vampire mosquito misses you.
You bite the vampire mosquito! The vampire mosquito bites you.
The vampire mosquito completely misses you.
You take 3 damage, and have 88/91 hp.
You bite the vampire mosquito!
You destroy the vampire mosquito!
Makhleb accepts your kill.
You feel better.
Health restored: 91 No target in view!
No target in view!
No target in view!
No target in view!
You can't do that in your present form.
Things that are here:
5 large rocks {!d}; a vampire mosquito corpse Partly explored, can't reach some items and places.
A rakshasa comes into view.
It is wielding a +3 war axe of freezing and wearing the +1 ring mail "Finolly" {rC+}.
There is an open door, spattered with blood here.
Items here: ( ))) [[[.
The cyan ugly thing gurgles horribly!
Things that are here:
a +0 spear; a +1 robe of fire resistance The cyan ugly thing barely misses you.
You bite the cyan ugly thing!
The cyan ugly thing is poisoned.
The rakshasa weaves an illusion.
You hit the cyan ugly thing but do no damage.
The cyan ugly thing looks even sicker.
The cyan ugly thing stings you! The cyan ugly thing shocks you!
The rakshasa weaves an illusion.
You take 28 damage, and have 63/91 hp.
MASSIVE DAMAGE!!
You bite the cyan ugly thing!
The cyan ugly thing looks as sick as possible!
The cyan ugly thing stings you! The cyan ugly thing shocks you!
You take 30 damage, and have 33/91 hp.
MASSIVE DAMAGE!!
You barely miss the cyan ugly thing.
The cyan ugly thing completely misses you.
Things that are here:
a +0 spear; a +1 robe of fire resistance You barely miss the cyan ugly thing.
You block the cyan ugly thing's attack.
You bite the cyan ugly thing! The cyan ugly thing stings you.
The cyan ugly thing shocks you!
* * * LOW HITPOINT WARNING * * *
You take 15 damage, and have 19/91 hp.
You hit the cyan ugly thing.
The cyan ugly thing looks as sick as possible!
The cyan ugly thing stings you!
* * * LOW HITPOINT WARNING * * *
The cyan ugly thing shocks you!
You die...

#.# #..###...########## #.#
######..###...#### ..#
###..#.###..###....## ..#
###....#...###..####..# ..#
###.#..#.#.....'....##..####
..####...##(#.#...###).####......
..##...###..#.#u###R.######..#...
..#.##...#.##.###u)####..##.(#...
..#.####...#..#.s#####..###......
..##.#####.#.#(######..####......
..###.#.####..###.##..##.##......
..##.#.#.######.).#..##..##......
..###.#.#.#.##†##...##..###......
..##.#.#.#.#..#####....####......
..###.#.#.#.###.#####.)#.##......
..##.#.#.#####'....####..##......
..###.#.####..###.#..####.#......


You could see 2 ugly things and a rakshasa.

Vanquished Creatures
  A hydra (D:10)
  A two-headed ogre (D:10)
  A wizard (D:10)
  Pikel (D:9)
  An ugly thing (D:10)
  3 cyclopes (D:10)
  A gargoyle (D:10)
  A kobold demonologist (D:10)
  3 trolls
  4 hornets
  3 wraiths
  8 yaks
  Eustachio (D:4)
  A basilisk (D:10)
  A wyvern (D:10)
  A vampire mosquito (D:10)
  An acid dragon (D:10)
  2 water moccasins
  A sky beast (D:8)
  4 ogres
  14 orc warriors
  An ice beast (D:7)
  3 lemures (D:9)
  5 centaurs
  2 phantoms
  5 kobold brigands
  A bullfrog (D:8)
  A gnoll sergeant (D:7)
  4 scorpions
  11 wights
  2 water moccasin skeletons (D:6)
  3 killer bees (D:9)
  3 howler monkeys (D:10)
  An electric eel (D:10)
  6 centaur zombies
  4 hounds
  2 centaur skeletons
  13 orc priests
  A jelly (D:8)
  3 iron imps (D:4)
  4 iguanas
  4 orc wizards
  2 killer bee zombies (D:8)
  A howler monkey zombie (D:7)
  20 gnolls
  14 adders
  A shadow imp (D:6)
  2 white imps (D:7)
  2 worms
  2 dart slugs
  50 orcs
  4 bat zombies (D:7)
  10 endoplasms
  2 giant cockroaches (D:2)
  6 goblins
  7 hobgoblins
  10 jackals
  3 quokkas
  8 ball pythons
  11 bats
  5 frilled lizards
  51 kobolds
  9 rats
  A rat zombie (D:7)
354 creatures vanquished.

Vanquished Creatures (others)
  A plant (D:6)
1 creature vanquished.

Grand Total: 355 creatures vanquished

Notes
Turn   | Place    | Note
-------+----------+-------------------------------------------
     0 | D:1      | Whiskey the Djinni Transmuter began the quest for the Orb.
     0 | D:1      | Reached XP level 1. HP: 17/17 MP: 0/0
   492 | D:1      | Reached XP level 2. HP: 17/22 MP: 0/0
   684 | D:1      | Found a faded altar of an unknown god.
  1351 | D:1      | Reached XP level 3. HP: 22/27 MP: 0/0
  1351 | D:1      | Learned a level 1 spell: Sting
  2080 | D:2      | Reached skill level 2 in Spellcasting
  2322 | D:2      | Reached XP level 4. HP: 31/33 MP: 0/0
  2400 | D:2      | Reached skill level 2 in Fighting
  2538 | D:2      | Reached skill level 3 in Dodging
  2555 | D:2      | HP: 3/33 [gnoll/+0 halberd (8)]
  3050 | D:2      | Reached XP level 5. HP: 13/39 MP: 0/0
  3050 | D:2      | Learned a level 2 spell: Static Discharge
  3417 | D:2      | Found a glowing golden altar of the Shining One.
  3450 | D:2      | HP: 2/39 [worm (4)]
  4177 | D:2      | Reached skill level 4 in Unarmed Combat
  4310 | D:3      | Reached XP level 6. HP: 42/45 MP: 0/0
  4719 | D:3      | Found Yqaireu's Armour Boutique.
  4778 | D:3      | Found Okypas's Distillery.
  4847 | D:3      | Reached skill level 3 in Fighting
  4924 | D:3      | Reached skill level 4 in Dodging
  5354 | D:3      | Reached XP level 7. HP: 45/50 MP: 0/0
  5354 | D:3      | Learned a level 3 spell: Lesser Beckoning
  5394 | D:3      | Reached skill level 3 in Spellcasting
  5633 | D:3      | HP: 12/51 [kobold/+0 club (2)]
  5662 | D:3      | HP: 12/51 [hobgoblin (4)]
  6504 | D:4      | Reached skill level 4 in Fighting
  6504 | D:4      | Reached skill level 5 in Unarmed Combat
  6509 | D:4      | Reached XP level 8. HP: 38/58 MP: 0/0
  6916 | D:4      | Noticed Eustachio
  6920 | D:4      | Reached skill level 5 in Dodging
  6935 | D:4      | Killed Eustachio
  7302 | D:4      | Found a burning altar of Makhleb.
  7424 | D:4      | Became a worshipper of Makhleb the Destroyer
  7450 | D:5      | Entered Level 5 of the Dungeon
  7679 | D:5      | Reached skill level 5 in Fighting
  7679 | D:5      | Reached skill level 4 in Spellcasting
  8143 | D:5      | Reached skill level 6 in Unarmed Combat
  8217 | D:5      | Reached skill level 6 in Dodging
  8217 | D:5      | Reached XP level 9. HP: 63/65 MP: 0/0
  8217 | D:5      | Learned a level 4 spell: Petrify
  8713 | D:6      | HP: 13/66 [phantom (6)]
  8975 | D:6      | Found a stormy altar of Qazlal.
  8976 | D:6      | Found a basalt altar of Yredelemnul.
  8978 | D:6      | Found a sparkling altar of Nemelex Xobeh.
  9034 | D:6      | Found a transporter.
  9037 | D:6      | Noticed pubby's ghost (novice DjGl)
  9039 | D:6      | Noticed a rakshasa
  9048 | D:6      | Noticed an ancient zyme
  9049 | D:6      | Found a transporter.
  9089 | D:6      | Found a one-way gate to the infinite horrors of the Abyss.
  9121 | D:6      | Found a sacrificial altar of Ru.
  9330 | D:6      | Reached * piety under Makhleb
  9648 | D:7      | Reached skill level 6 in Fighting
  9698 | D:7      | Found a staircase to the Ecumenical Temple.
  9704 | Temple   | Entered the Ecumenical Temple
 10439 | D:7      | Reached skill level 7 in Dodging
 10460 | D:7      | Noticed a hornet
 10493 | D:7      | HP: 14/66 [hornet (4)]
 10495 | D:7      | Killed a hornet
 10496 | D:7      | Reached skill level 7 in Unarmed Combat
 10496 | D:7      | Reached skill level 5 in Spellcasting
 11054 | D:7      | Found a snail-covered altar of Cheibriados.
 11105 | D:7      | HP: 12/67 [orc warrior/+0 flail (8)]
 11115 | D:7      | Reached XP level 10. HP: 17/73 MP: 0/0
 12291 | D:8      | Reached skill level 7 in Fighting
 12291 | D:8      | Reached ** piety under Makhleb
 12542 | D:8      | Found a hide-covered altar of Uskayaw.
 12597 | D:8      | Found an ornate altar of the Wu Jian Council.
 12599 | D:8      | Found a sacrificial altar of Ru.
 12599 | D:8      | Found a stormy altar of Qazlal.
 12601 | D:8      | Found a sacrificial altar of Ru.
 12601 | D:8      | Found a shimmering altar of Xom.
 12601 | D:8      | Found an ornate altar of the Wu Jian Council.
 12784 | D:8      | Reached skill level 8 in Dodging
 13343 | D:9      | Identified the +4 great sword "Demonbane" {venom, rPois
                  | rN++ Will+ Dex-4}
 13555 | D:9      | Noticed Pikel
 13575 | D:9      | Killed Pikel
 13576 | D:9      | Reached skill level 8 in Unarmed Combat
 13847 | D:9      | HP: 16/75 [orc priest/nerve-wracking pain (7)]
 14161 | D:9      | Noticed a cyclops
 14162 | D:9      | Noticed a centaur warrior
 14163 | D:9      | Noticed a tengu warrior
 14166 | D:9      | Noticed a deep elf pyromancer
 14272 | D:9      | Reached skill level 6 in Spellcasting
 14561 | D:9      | Found a staircase to the Orcish Mines.
 14575 | D:9      | Reached XP level 11. HP: 71/81 MP: 0/0
 14575 | D:9      | Learned a level 4 spell: Summon Lightning Spire
 14590 | D:9      | Reached *** piety under Makhleb
 14598 | D:9      | Reached skill level 8 in Fighting
 14744 | D:9      | Reached skill level 9 in Dodging
 15262 | D:10     | Entered Level 10 of the Dungeon
 15294 | D:9      | Reached skill level 9 in Unarmed Combat
 15667 | D:10     | HP: 17/106 [gargoyle/+0 flail (15)]
 15669 | D:10     | HP: 2/106 [gargoyle/stone arrow (15)]
 15675 | D:10     | HP: 12/106 [orc warrior/+0 dire flail (20)]
 15681 | D:10     | HP: 8/106 [orc warrior/+0 dire flail (13)]
 15834 | D:10     | Reached **** piety under Makhleb
 15835 | D:10     | Reached skill level 9 in Fighting
 15871 | D:10     | Noticed a two-headed ogre
 15884 | D:10     | Killed a two-headed ogre
 15885 | D:10     | Reached skill level 10 in Dodging
 15885 | D:10     | Reached skill level 7 in Spellcasting
 16006 | D:10     | Reached XP level 12. HP: 87/89 MP: 0/0
 16033 | D:10     | Found a runed translucent door.
 16146 | D:10     | Reached skill level 10 in Unarmed Combat
 16224 | D:10     | Noticed a six-headed hydra
 16224 | D:10     | Noticed a boulder beetle
 16225 | D:10     | Found the +3 warlock's mirror {reflect}
 16227 | D:10     | Noticed a boulder beetle
 17113 | D:10     | Killed a six-headed hydra
 17179 | D:10     | Identified the +1 ring mail "Finolly" {rC+}
 17179 | D:10     | Noticed a rakshasa
 17192 | D:10     | HP: 19/91 [cyan ugly thing (12)]
 17195 | D:10     | HP: 8/91 [cyan ugly thing (12)]
 17195 | D:10     | Mangled by a cyan ugly thing

Illustrated notes

Levels and vault maps discovered:
D:1:      co_arrival_square_in_a_square_in_a_square, layout_basic,
          hellmonk_ecumenical_altar_blasted, ebering_dispersal_statue_hall
D:2:      minmay_recursive_quarters, layout_loops_ring, basic_altar
D:3:      minmay_goblin_kobold_castle, layout_rooms, serial_shops, shop, shop
D:4:      layout_rooms, demons_altar, uniq_eustachio
D:5:      layout_gridville
D:6:      layout_rooms, nicolae_ru_the_path_less_chosen,
          gammafunk_temple_overflow_forgotten, gammafunk_ghost_abyssal_escape,
          grunt_decor_clamped
D:7:      layout_basic, lemuel_round_altar, vehumet_crystals,
          lemuel_zombie_altar_kikubaaqudgha, minmay_temple_entry_ruins,
          item_on_display_a
D:8:      layout_basic, doesnt_xom_only_xom, overflow_temple_1_default,
          nicolae_benzene_ring
D:9:      layout_gridville, david_orc_5, onia_ninara_dug_in_and_dangerous,
          uniq_pikel
D:10:     minmay_the_grid_triangle_9x9_rhombus_full
          [minmay_the_grid_triangle_9x9_negative_grid,
          minmay_the_grid_triangle_9x9_checkered,
          minmay_the_grid_triangle_9x9_windchime,
          minmay_the_grid_triangle_9x9_corruption,
          minmay_the_grid_triangle_9x9_semitri,
          minmay_the_grid_triangle_9x9_subtriangle,
          minmay_the_grid_triangle_9x9_corrupted_corridor,
          minmay_the_grid_triangle_9x9_prize_schism], layout_basic,
          lightli_minifort
Temple:   minmay_temple_bridge_abc

Skill      XL: |  1  2  3  4  5  6  7  8  9 10 11 12 |
---------------+-------------------------------------+-----
Spellcasting   | 2 3 4 5 6 7 |  7.7
Fighting       | 2 3 4 5 6 7 9 |  9.9
Dodging        | 3 4 6 7 8 10 | 10.8
Unarmed Combat | 4 5 6 7 8 9 10 | 10.2

Action                   |  1- 3 |  4- 6 |  7- 9 | 10-12 || total
-------------------------+-------+-------+-------+-------++-------
Melee: Unarmed           |   116 |   191 |   455 |   663 ||  1425
       Headbutt          |    11 |       |       |       ||    11
       Punch             |       |     2 |     4 |     2 ||     8
       Dagger            |       |       |       |     9 ||     9
 Cast: Beastly Appendage |    15 |       |     1 |       ||    16
       Spider Form       |     5 |    17 |    37 |    29 ||    88
       Hydra Form        |       |       |       |     9 ||     9
       Ice Form          |       |       |       |     2 ||     2
       Wereblood         |       |       |       |     1 ||     1
       Petrify           |       |       |       |     3 ||     3
       Summon Lightning  |       |       |       |     2 ||     2
Evoke: Wand              |       |       |       |     1 ||     1
  Use: Scroll            |       |       |       |     9 ||     9
       Potion            |       |       |       |     2 ||     2
 Stab: Sleeping          |     2 |     1 |     2 |     1 ||     6
       Petrified         |       |       |       |     8 ||     8
Armor: Robe              |    23 |    14 |    33 |     3 ||    73
       Skin              |     1 |    15 |    19 |    39 ||    74
       Troll leather arm |       |       |       |     6 ||     6
Dodge: Dodged            |    84 |   185 |   457 |   567 ||  1293
Block: Other             |       |       |   100 |   127 ||   227
       Reflection        |       |       |     1 |     2 ||     3

Table legend: (Time is in decaauts)
 A = Elapsed time spent in this place.
 B = Non-inter-level travel time spent in this place.
 C = Inter-level travel time spent in this place.
 D = Time resting spent in this place.
 E = Time spent auto-exploring this place.
 F = Levels seen in this place.
 G = Mean time per level.
                   A        B        C        D        E       F      G
               +--------+--------+--------+--------+--------+-----+--------+
         Total |  17035 |  16637 |    398 |   1668 |  12348 |  11 | 1548.6 |
       Dungeon |  16699 |  16321 |    378 |   1506 |  12200 |  10 | 1669.9 |
        Temple |    336 |    316 |     20 |    162 |    148 |   1 |  336.0 |
               +--------+--------+--------+--------+--------+-----+--------+

Top non-repeatable levels by time:
     D:1: 2465 daAuts
     D:3: 1913 daAuts
     D:9: 1912 daAuts
    D:10: 1873 daAuts
     D:8: 1760 daAuts
     D:2: 1756 daAuts
     D:7: 1573 daAuts
     D:4: 1281 daAuts
     D:6: 1207 daAuts
     D:5: 957 daAuts
  Temple: 336 daAuts

Table legend:
 A = Kills in this place as a percentage of kills in entire the game.
 B = Kills by you in this place as a percentage of kills by you in the entire game.
 C = Kills by friends in this place as a percentage of kills by friends in the entire game.
 D = Other kills in this place as a percentage of other kills in the entire game.
 E = Experience gained in this place as a percentage of experience gained in the entire game.
 F = Experience gained in this place divided by the number of levels of this place that you have seen.
                   A       B       C       D       E      F
               +-------+-------+-------+-------+-------+----------------------
         Total | 100.0 | 100.0 |   N/A |   N/A | 100.0 | 1897.6
       Dungeon | 100.0 | 100.0 |   N/A |   N/A | 100.0 | 2087.4
               +-------+-------+-------+-------+-------+----------------------
